AoeStats
← [AFK]The_Offwo

Arabia

508317233Analyzed
1v1 RM · 10d ago on Sep 21, 2026· 25m 19s· 2 players
Game mode
Random Map
Map size
Tiny (2 player)
Population
200
Speed
Normal
Resources
Standard
Victory
Conquest
Starting age
Dark Age
Ending age
Imperial Age
RankedLock teamsTeams togetherTeam positionsShared explorationLock speedFull tech treeHidden civsTurbo modeCheats
Victory
Defeat
🇺🇸 Gurjaras · United States
1627
+15
🇬🇧 Khitans · United Kingdom
1602
-15
[AFK]The_Offwo
6:22 Loom
9:17 Feudal Age
9:55 Double-Bit Axe
10:21 Domestication
16:06 Wheelbarrow
16:45 Gold Mining
20:07 Castle Age
19:22 Fletching
20:07 Padded Archer Armor
20:44 Bodkin Arrow
20:22 Crossbowman
20:39 Elite Skirmisher
GreatPerson25
6:05 Loom
8:23 Feudal Age
9:45 Double-Bit Axe
16:11 Fletching
20:15 Castle Age
18:10 Horse Collar
18:21 Gold Mining
19:50 Padded Archer Armor
20:53 Bodkin Arrow
20:19 Crossbowman
Connection lost

Rejoining the realm…

Still unreachable

The connection could not be restored.

Session expired

The server has moved on; the page needs a fresh start.